 Dungeon Sprint DCSS version 0.20-b1-18-gaa2fd62 (webtiles) character file.

42396 potatolord6000 the Tortoise (level 14, -11/107 HPs)
             Began as a Gargoyle Fighter on May 24, 2017.
             Was an Initiate of Gozag.
             Killed from afar by a fire giant (91 damage)
             ... with a fireball
             ... in the Dungeon (Sprint IX: "|||||||||||||||||||||||||||||") on May 25, 2017.
             The game lasted 00:16:26 (3272 turns).

potatolord6000 the Tortoise (Gargoyle Fighter)      Turns: 3272, Time: 00:16:26

Health: -11/107    AC: 49    Str: 24    XL:     14   Next: 19%
Magic:  14/14      EV:  8    Int: 10    God:    Gozag
Gold:   599        SH: 26    Dex: 18    Spells: 13/13 levels left

rFire    x . .     SeeInvis +   f - +7 flail of Makhleb's Whim {flame, *Contam +Blink rPois rF+ Stlth+}
rCold    + . .     Gourm    .   a - +3 large shield
rNeg     + . .     Faith    .   o - +10 plate armour "Myetwun" {rCorr}
rPois    ∞         Spirit   .   s - +0 mask of the Dragon {MR+ Slay+3 SInv}
rElec    +         Reflect  .   p - +1 cloak
rCorr    +         Harm     .   u - +2 pair of gloves {Dex+3}
MR       +++..     NoTele   +   g - +2 pair of boots {Fly}
Stlth    ..........             (no amulet)
Regen    0.3/turn               y - ring "Zyog" {Ice Dex+6 Slay+2}
MPRegen  0.2/turn               A - ring "Vacrem" {rF- MR+ Slay+4}

@: flying
A: antennae 1, big wings, negative energy resistance 1, electricity resistance,
unbreathing, petrification resistance, rot immunity, sturdy frame 1, AC +9
a: Stop Flying, Potion Petition, Call Merchant, Bribe Branch, Renounce Religion,
Evoke Blink


You were in the Dungeon.
You worshipped Gozag.
Gozag was pleased with you.
You were full.

You visited 1 branch You collected 13954 gold pieces.
You spent 7007 gold pieces at shops.
You paid 6348 gold pieces to Gozag.

Inventory:

Hand Weapons
 f - the +7 flail of Makhleb's Whim (weapon) {flame, *Contam +Blink rPois rF+ Stlth+}
   (You bought it in a shop in the Dungeon)

   It has been specially enchanted to burn those struck by it, causing extra
   injury to most foes and up to half again as much damage against particularly
   susceptible opponents.
   It protects you from fire.
   It protects you from poison.
   It lets you blink.
   It causes magical contamination when unequipped.
   It makes you more stealthy.
Armour
 a - a +3 large shield (worn)
 g - a +2 pair of boots of flying (worn)
 o - the +10 plate armour "Myetwun" (worn) {rCorr}
   (You bought it in a shop in the Dungeon)

   It protects you from acid and corrosion.
 p - a +1 cloak (worn)
 s - the +0 mask of the Dragon (worn) {MR+ Slay+3 SInv}
   (You bought it in a shop in the Dungeon)

   It affects your accuracy and damage with ranged weapons and melee attacks
   (+3).
   It affects your resistance to hostile enchantments.
   It lets you see invisible.
 u - a +2 pair of gloves of dexterity (worn)
Jewellery
 y - the ring "Zyog" (left hand) {Ice Dex+6 Slay+2}
   (You bought it in a shop in the Dungeon)

   [ring of ice]

   It enhances your ice magic.
   It affects your dexterity (+6).
   It affects your accuracy and damage with ranged weapons and melee attacks
   (+2).
   It makes you vulnerable to fire.
   It protects you from cold.
 A - the ring "Vacrem" (right hand) {rF- MR+ Slay+4}
   (You bought it in a shop in the Dungeon)

   [ring of protection from magic]

   It affects your accuracy and damage with ranged weapons and melee attacks
   (+4).
   It makes you vulnerable to fire.
   It affects your resistance to hostile enchantments.
Scrolls
 k - 3 scrolls of blinking
 l - 5 scrolls of remove curse
 m - 2 scrolls of amnesia
 n - a scroll of enchant weapon
 r - 2 scrolls of recharging
 t - 2 scrolls of fog
Potions
 b - a potion of flight {unknown}
 c - a potion of brilliance
 d - a potion of might
 e - 8 potions of curing
 h - 3 potions of heal wounds
 i - 4 potions of magic
 j - a potion of berserk rage
 z - a potion of agility
Comestibles
 v - 40 fruits
 w - 12 bread rations
 x - 10 meat rations


   Skills:
 + Level 19.9 Fighting
 + Level 18.5 Maces & Flails
 + Level 19.9 Armour
 + Level 19.9 Shields


You had 13 spell levels left.
You didn't know any spells.

Dungeon Overview and Level Annotations

Branches:
Dungeon (1/1)

Altars:
Cheibriados
Dithmenos
Elyvilon
Fedhas
Gozag
Hepliaklqana
Kikubaaqudgha
Makhleb
Nemelex Xobeh
Okawaru
Qazlal
Ru
Sif Muna
Trog
Uskayaw
Vehumet
Xom
Yredelemnul
Zin
The Shining One
Beogh
Jiyva
Lugonu

Shops:
D *[?[(*%!=[

Annotations:
D 1 exclusion


Innate Abilities, Weirdness & Mutations

You are resistant to torment.
Your stone body is resilient. (AC +9)
You are immune to poison.
Your large and strong wings let you fly indefinitely.
You resist negative energy. (rN+)
You are resistant to electric shocks. (rElec)
You can survive without breathing.
You are immune to petrification.
You are immune to rotting.
You have a pair of small antennae on your head.
Your movements are slightly less encumbered by armour. (ER -2)


Message History

You block the fire giant's attack.
You feel much better.
The white very ugly thing is no longer distracted by gold.
The floating eye is distracted by the nearby gold.
The fire giant is distracted by the nearby gold.
The boggart is distracted by the nearby gold.
You feel much better.
The great orb of eyes is no longer distracted by gold.
Unknown command.
You catch the helpless fire giant completely off-guard!
You beat the fire giant like a drum!!!
The fire giant is no longer distracted by gold.
The fire giant is almost dead.
The floating eye is no longer distracted by gold.
The floating eye's stare focuses on you.
The fire giant points at you and mumbles some strange words.
The fireball explodes!
The fireball engulfs you! The fire burns you terribly!
Ouch! That really hurt!
You die...
Your body crumbles into a pile of gold.

.▓.▓'▓.▓=▓.▓.▓.▓.▓
.▓.▓.▓.▓=▓.▓.▓.▓.▓
.▓.▓.▓.▓)▓.▓[▓.▓.▓
.▓.▓.▓.▓)▓.▓.▓.▓.▓
.▓.▓.▓.▓)▓.▓[▓.▓'▓
.▓.▓.▓.▓)▓.▓.▓.▓$▓
.▓.▓.▓.▓)▓[▓)▓.▓$▓
.▓.▓.▓.▓)▓.▓.▓.▓$▓
'▓.▓.▓.▓)▓.▓.▓.▓@▓
.▓.▓.▓.▓)▓.▓.▓.▓C▓
.▓.▓∩▓.▓.▓.▓.▓.▓u▓
.▓.▓.▓.▓[▓.▓(▓.▓C▓
.▓.▓.▓.▓[▓.▓[▓.▓G▓
.▓.▓.▓.▓[▓.▓(▓.▓.▓
.▓.▓'▓.▓[▓.▓(▓.▓g▓
.▓.▓.▓.▓[▓.▓)▓.▓G▓
.▓.▓.▓.▓[▓.▓(▓.▓{


You could see a white very ugly thing, a fire giant, a stone giant, a great orb
of eyes, a boggart (unaware) and a floating eye.

Vanquished Creatures
  Agnes (D)
  Kirke (D)
  Donald (D)
  A frost giant (D)
  2 nagarajas (D)
  A very ugly thing (D)
  2 stone giants (D)
  A yaktaur captain (D)
  A fire dragon (D)
  2 ogre magi (D)
  A great orb of eyes (D)
  2 merfolk aquamancers (D)
  An alligator (D)
  A centaur warrior (D)
  A satyr (D)
  2 tengu warriors (D)
  An orc high priest (D)
  A shock serpent (D)
  An unseen horror (D)
  A sea snake (D)
  A spriggan druid (D)
  An ugly thing (D)
  2 swamp dragons (D)
  9 orc knights (D)
  An orb spider (D)
  An orc sorcerer (D)
  3 wolf spiders (D)
  2 cyclopes (D)
  A merfolk siren (D)
  Maurice (D)
  A guardian serpent (D)
  3 black mambas (D)
  3 spiny frogs (D)
  A spiny frog (shapeshifter) (D)
  A komodo dragon (D)
  A freezing wraith (D)
  A troll (D)
  3 jumping spiders (D)
  A tyrant leech (D)
  5 polar bears (D)
  A wind drake (D)
  2 merfolk (D)
  A bog body (D)
  A blink frog (D)
  3 hippogriffs (D)
  A redback (shapeshifter) (D)
  2 shadows (D)
  2 redbacks (D)
  2 hogs (D)
  2 yaks (D)
  A tarantella (D)
  Grum (D)
  An acid dragon (D)
  2 nagas (D)
  A water moccasin (D)
  2 porcupines (D)
  14 orc warriors (D)
  A swamp drake (D)
  3 sky beasts (D)
  3 black bears (D)
  4 wolves (D)
  2 ogres (D)
  2 centaurs (D)
  4 crocodiles (D)
  4 bullfrogs (D)
  A scorpion (D)
  3 orc priests (D)
  4 orc wizards (D)
  A worker ant (D)
  3 adders (D)
  An adder zombie (D)
  An adder skeleton (D)
  5 orcs (D)
  A giant cockroach (D)
  A hobgoblin (D)
  A bat (D)
  2 kobolds (D)
153 creatures vanquished.

Vanquished Creatures (others)
  An alligator (D)
1 creature vanquished.

Grand Total: 154 creatures vanquished

Notes
Turn   | Place    | Note
-------+----------+-------------------------------------------
     0 | D        | potatolord6000 the Gargoyle Fighter began the quest for the Orb.
     0 | D        | Reached XP level 1. HP: 14/14 MP: 1/1
    25 | D        | Noticed a sky beast
    40 | D        | Reached XP level 2. HP: 20/20 MP: 2/2
    52 | D        | Reached XP level 3. HP: 17/24 MP: 3/3
    82 | D        | Killed a sky beast
    82 | D        | Reached skill level 5 in Maces & Flails
    82 | D        | Reached XP level 4. HP: 22/32 MP: 4/4
    82 | D        | Reached XP level 5. HP: 25/36 MP: 5/5
    88 | D        | Found a roughly hewn altar of Beogh.
    88 | D        | Found a snail-covered altar of Cheibriados.
    88 | D        | Found a shadowy altar of Dithmenos.
    88 | D        | Found a white marble altar of Elyvilon.
    88 | D        | Found a blossoming altar of Fedhas.
    88 | D        | Found an opulent altar of Gozag.
    89 | D        | Found a hazy altar of Hepliaklqana.
    90 | D        | Found a viscous altar of Jiyva.
    91 | D        | Found an ancient bone altar of Kikubaaqudgha.
    92 | D        | Found a corrupted altar of Lugonu.
    93 | D        | Found a burning altar of Makhleb.
    94 | D        | Found a sparkling altar of Nemelex Xobeh.
    95 | D        | Found an iron altar of Okawaru.
    96 | D        | Became a worshipper of Gozag Ym Sagoz the Greedy
    97 | D        | Found a stormy altar of Qazlal.
    98 | D        | Found a sacrificial altar of Ru.
    99 | D        | Found a deep blue altar of Sif Muna.
   100 | D        | Found a bloodstained altar of Trog.
   101 | D        | Found a hide-covered altar of Uskayaw.
   102 | D        | Found a radiant altar of Vehumet.
   104 | D        | Found a shimmering altar of Xom.
   105 | D        | Found a basalt altar of Yredelemnul.
   106 | D        | Found a glowing silver altar of Zin.
   107 | D        | Found a glowing golden altar of the Shining One.
   162 | D        | Noticed a centaur
   162 | D        | Noticed a centaur
   162 | D        | Noticed an ogre
   166 | D        | Killed a centaur
   173 | D        | Reached XP level 6. HP: 41/44 MP: 6/6
   198 | D        | Noticed a spiny frog
   198 | D        | Noticed an acid dragon
   198 | D        | Noticed a sky beast
   198 | D        | Noticed a hippogriff
   198 | D        | Noticed a cyclops
   201 | D        | Reached XP level 7. HP: 50/50 MP: 7/7
   210 | D        | Killed a spiny frog
   213 | D        | Reached skill level 10 in Fighting
   213 | D        | Reached skill level 10 in Armour
   213 | D        | Reached skill level 10 in Shields
   213 | D        | Reached XP level 8. HP: 20/57 MP: 8/8
   237 | D        | Killed a hippogriff
   246 | D        | Killed a cyclops
   400 | D        | Bought an ancient flail for 289 gold pieces
   400 | D        | Bought a pair of runed boots for 255 gold pieces
   401 | D        | Identified the +7 flail of Makhleb's Whim {flame, *Contam +Blink rPois rF+ Stlth+} (You bought it in a shop in the Dungeon)
   537 | D        | Gained mutation: You have a pair of small horns on your head. [potion of mutation]
   537 | D        | Gained mutation: Your mind is acute. (Int +2) [potion of mutation]
   538 | D        | Lost mutation: Your mind is acute. (Int +2) [potion of mutation]
   538 | D        | Lost mutation: You have a pair of small horns on your head. [potion of mutation]
   538 | D        | Gained mutation: Your movements are slightly less encumbered by armour. (ER -2) [potion of mutation]
   538 | D        | Gained mutation: You have a pair of small antennae on your head. [potion of mutation]
   552 | D        | Noticed a komodo dragon
   554 | D        | Reached skill level 10 in Maces & Flails
   556 | D        | Reached XP level 9. HP: 64/64 MP: 9/9
   564 | D        | Killed a komodo dragon
   796 | D        | Reached XP level 10. HP: 69/72 MP: 10/10
   838 | D        | Bought the +0 mask of the Dragon {MR+ Slay+3 SInv} for 1035 gold pieces
   917 | D        | Bought a pair of runed gloves for 232 gold pieces
   968 | D        | Noticed Maurice
   977 | D        | Killed Maurice
  1060 | D        | Noticed an orc knight
  1061 | D        | Noticed a stone giant
  1083 | D        | Killed a stone giant
  1089 | D        | Killed an orc knight
  1089 | D        | Reached XP level 11. HP: 63/80 MP: 11/11
  1232 | D        | Noticed an orc knight
  1237 | D        | Noticed an orc sorcerer
  1250 | D        | Killed an orc knight
  1261 | D        | Noticed an orc high priest
  1269 | D        | Killed an orc sorcerer
  1280 | D        | Killed an orc high priest
  1329 | D        | Bought a slimy plate armour for 952 gold pieces
  1339 | D        | Identified the +10 plate armour "Myetwun" {rCorr} (You bought it in a shop in the Dungeon)
  1342 | D        | Found Evvin's Weapon Emporium.
  1342 | D        | Noticed an orc knight
  1342 | D        | Noticed an orc knight
  1342 | D        | Noticed an orc knight
  1343 | D        | Noticed an orc knight
  1346 | D        | Noticed an orc knight
  1352 | D        | Killed an orc knight
  1352 | D        | Reached skill level 15 in Fighting
  1352 | D        | Reached skill level 15 in Armour
  1352 | D        | Reached skill level 15 in Shields
  1357 | D        | Killed an orc knight
  1359 | D        | Noticed an orc knight
  1360 | D        | Found Cufuonit's General Store.
  1367 | D        | Killed an orc knight
  1370 | D        | Found Zobo's Food Emporium.
  1379 | D        | Killed an orc knight
  1390 | D        | Killed an orc knight
  1396 | D        | Killed an orc knight
  1397 | D        | Found Vaogut Kafu's Distillery.
  1412 | D        | Noticed an orc knight
  1427 | D        | Killed an orc knight
  1660 | D        | Noticed a centaur warrior
  1660 | D        | Noticed an unseen horror
  1664 | D        | Killed a centaur warrior
  1664 | D        | Reached XP level 12. HP: 88/88 MP: 12/12
  1681 | D        | Noticed a stone giant
  1685 | D        | Noticed a purple very ugly thing
  1691 | D        | Noticed an ogre mage
  1694 | D        | Noticed an ogre mage
  1702 | D        | Killed a stone giant
  1702 | D        | Reached skill level 15 in Maces & Flails
  1707 | D        | Noticed a yaktaur captain
  1713 | D        | Noticed a frost giant
  1714 | D        | Killed a purple very ugly thing
  1726 | D        | Killed an ogre mage
  1731 | D        | Killed an ogre mage
  1739 | D        | Killed a yaktaur captain
  1753 | D        | Killed a frost giant
  1791 | D        | Bought the ring "Zyog" {Ice Dex+6 Slay+2} for 795 gold pieces
  1791 | D        | Bought the ring "Vacrem" {rF- MR+ Slay+4} for 627 gold pieces
  1816 | D        | Noticed Kirke
  1819 | D        | Noticed Grum
  1827 | D        | Killed Kirke
  1832 | D        | Killed Grum
  1893 | D        | Noticed Donald
  1905 | D        | Killed Donald
  1905 | D        | Reached XP level 13. HP: 97/97 MP: 13/13
  1945 | D        | Noticed a nagaraja
  1945 | D        | Noticed a nagaraja
  1950 | D        | Killed a nagaraja
  1956 | D        | Killed a nagaraja
  2779 | D        | Bought a runed crystal plate armour for 2822 gold pieces
  3188 | D        | Noticed Agnes
  3202 | D        | Killed Agnes
  3202 | D        | Gained mutation: Your large and strong wings let you fly indefinitely. [Gargoyle growth]
  3202 | D        | Reached XP level 14. HP: 96/106 MP: 14/14
  3230 | D        | Noticed a fire giant
  3236 | D        | Noticed a white very ugly thing
  3238 | D        | Noticed a stone giant
  3259 | D        | Paralysed by a floating eye for 3 turns
  3264 | D        | HP: 4/107 [fire giant/bolt of fire (34)]
  3272 | D        | Killed from afar by a fire giant

Skill      XL: |  1  2  3  4  5  6  7  8  9 10 11 12 13 |
---------------+----------------------------------------+-----
Fighting       | 4 6 7 8 10 11 12 14 15 17 19 | 19.9
Armour         | 4 6 7 8 10 11 12 14 15 17 19 | 19.9
Shields        | 4 6 7 8 10 11 12 14 15 17 19 | 19.9
Maces & Flails | 3 5 6 7 8 10 11 13 14 16 18 | 18.5

Action                   |  1- 3 |  4- 6 |  7- 9 | 10-12 | 13-15 || total
-------------------------+-------+-------+-------+-------+-------++-------
Melee: Flail             |    69 |       |    47 |   325 |   190 ||   631
       Morningstar       |       |    25 |    41 |       |       ||    66
Invok: Call Merchant     |       |       |     1 |     4 |     1 ||     6
  Use: Potion            |     2 |     1 |     4 |       |     3 ||    10
       Scroll            |       |       |     4 |     2 |       ||     6
 Stab: Invisible         |       |     5 |       |       |       ||     5
       Sleeping          |       |     1 |     1 |       |       ||     2
       Distracted        |       |     1 |     1 |     1 |     5 ||     8
  Eat: Bread ration      |       |       |     1 |       |       ||     1
       Meat ration       |       |       |       |       |     2 ||     2
Armor: Scale mail        |    33 |       |       |       |       ||    33
       Ring mail         |       |     3 |    30 |    41 |       ||    74
       Plate armour      |       |       |       |    25 |    40 ||    65
Dodge: Dodged            |    10 |    11 |    21 |    29 |    16 ||    87
Block: Shield            |    24 |    11 |    48 |    86 |       ||   169
       Large shield      |       |       |       |    65 |   137 ||   202
